 Dungeon Crawl Stone Soup version 0.25-a0-860-gf695395b5c (webtiles) character file.

Game seed: 765282001654850000, levelgen mode: deterministic

183559 Napalmbreeze the Victor of a Thousand Battles (level 17, -4/135 HPs)
             Began as a Gnoll Skald on Apr 27, 2020.
             Was the Champion of Okawaru.
             Drowned by a water elemental (8 damage)
             ... on level 1 of the Shoals on Apr 29, 2020.
             The game lasted 02:32:02 (49065 turns).

Napalmbreeze (GnSk)                                Turns: 49065, Time: 02:32:03

Health: -4/135     AC: 19    Str: 25    XL:     17   Next: 99%
Magic:  15/33      EV: 20    Int: 19    God:    Okawaru [******]
Gold:   467        SH: 18    Dex: 20    Spells: 13/41 levels left

rFire    + . .     SeeInvis +   Z - +8 demon blade "Hueseacs" {venom, rC+ Str+5 Stlth+}
rCold    + . .     Gourm    .   V - +0 kite shield {reflect}
rNeg     . . .     Faith    .   z - quicksilver dragon scales of Gallantry {rElec MR+ Str+3 Stlth+}
rPois    +         Spirit   .   y - +1 helmet of Riahuot {rElec rPois rC- MR+}
rElec    +         Reflect  +   f - scarf {rC+ rF+}
rCorr    .         Harm     .   c - +0 pair of gloves {Str+3}
MR       ++++.     Clarity  +   G - +0 pair of boots
Stlth    +++++++...             Y - +4 amulet of reflection
HPRegen  0.32/turn              K - ring of protection from magic
MPRegen  0.23/turn              T - ring of see invisible

@: engulfed (cannot breathe), singing, very slightly contaminated
A: distributed training, fangs 1, agile 1, blink, blurry vision 1, clarity, wild
magic 1, strong nose
}: 1/15 runes: gossamer
a: Blink, Heroism, Finesse, Renounce Religion


You were on level 1 of the Shoals.
You worshipped Okawaru.
Okawaru was exalted by your worship.
You were hungry.

You visited 6 branches of the dungeon, and saw 30 of its levels.
You visited the Abyss 1 time.
You also visited: Sewer, Ice Cave and Volcano.

You collected 4044 gold pieces.
You spent 3577 gold pieces at shops.

Inventory:

Hand Weapons
 M - the +10 rapier "Tawibul" {vorpal, Int+3}
   (You found it on level 11 of the Dungeon)

   It inflicts extra damage upon your enemies.
   It affects your intelligence (+3).
 N - a +1 demon trident of venom
 Z - the +8 demon blade "Hueseacs" (weapon) {venom, rC+ Str+5 Stlth+}
   (You acquired it on level 4 of the Spider Nest)

   It poisons the flesh of those it strikes.
   It affects your strength (+5).
   It protects you from cold.
   It makes you more stealthy.
Missiles
 i - 13 silver javelins (quivered)
 X - a throwing net
Armour
 a - the +0 cloak of Gozag's Generosity {+Fly rN+++ MR- Slay+3}
   (You found it on level 2 of the Lair of Beasts)

   It affects your accuracy and damage with ranged weapons and melee attacks
   (+3).
   It renders you almost immune to negative energy.
   It affects your resistance to hostile enchantments.
   It lets you fly.
 c - a +0 pair of gloves of strength (worn)
 f - a scarf of resistance (worn)
 x - a +0 hat of magic resistance
 y - the +1 helmet of Riahuot (worn) {rElec rPois rC- MR+}
   (You bought it in a shop on level 1 of the Shoals)

   It makes you vulnerable to cold.
   It insulates you from electricity.
   It protects you from poison.
   It affects your resistance to hostile enchantments.
 z - the quicksilver dragon scales of Gallantry (worn) {rElec MR+ Str+3 Stlth+}
   (Okawaru gifted it to you on level 2 of the Spider Nest)

   It affects your strength (+3).
   It insulates you from electricity.
   It affects your resistance to hostile enchantments.
   It makes you more stealthy.
 G - a +0 pair of boots (worn)
 V - a +0 kite shield of reflection (worn)
Jewellery
 g - an uncursed ring of wizardry
 w - an uncursed ring of resist corrosion
 K - a ring of protection from magic (left hand)
 L - an uncursed ring of flight
 T - a ring of see invisible (right hand)
 Y - a +4 amulet of reflection (around neck)
Wands
 j - a wand of flame (21)
 B - a wand of iceblast (12)
 D - a wand of acid (19)
 P - a wand of disintegration (11)
 Q - a wand of scattershot (5)
 S - a wand of clouds (3)
 U - a wand of digging (6)
 W - a wand of paralysis (6)
Scrolls
 b - a scroll of immolation
 k - 3 scrolls of magic mapping
 m - 10 scrolls of teleportation
 n - 2 scrolls of amnesia
 p - 4 scrolls of remove curse
 q - 5 scrolls of blinking
 A - 4 scrolls of identify
 I - 2 scrolls of fear
 J - a scroll of fog
 R - a scroll of silence
Potions
 e - 4 potions of brilliance
 h - 4 potions of flight
 l - 2 potions of cancellation
 r - 12 potions of haste
 s - 2 potions of lignification
 t - 4 potions of might
 u - 7 potions of heal wounds
 v - 7 potions of magic
 C - 3 potions of berserk rage
 E - 6 potions of resistance
 F - 5 potions of curing
 H - a potion of ambrosia
 O - 4 potions of stabbing
Comestibles
 d - 36 rations


   Skills:
 + Level 12.4 Fighting
 + Level 11.7 Short Blades
 + Level 11.7 Long Blades
 + Level 11.7 Axes
 + Level 11.7 Maces & Flails
 + Level 12.4 Polearms
 + Level 11.7 Staves
 + Level 11.7 Slings
 + Level 11.7 Bows
 + Level 11.7 Crossbows
 + Level 11.7 Throwing
 + Level 11.9 Armour
 + Level 12.4 Dodging
 + Level 11.7 Stealth
 + Level 11.7 Shields
 + Level 11.7 Unarmed Combat
 + Level 12.5 Spellcasting
 + Level 10.0 Conjurations
 + Level 10.0 Hexes
 + Level 11.2 Charms
 + Level 10.0 Summonings
 + Level 10.0 Necromancy
 + Level 10.0 Translocations
 + Level 10.0 Transmutations
 + Level 10.0 Fire Magic
 + Level 10.0 Ice Magic
 + Level 10.0 Air Magic
 + Level 10.0 Earth Magic
 + Level 10.0 Poison Magic
 + Level 12.6 Invocations
 + Level 11.7 Evocations


You had 13 spell levels left.
You knew the following spells:

 Your Spells              Type           Power        Failure   Level  Hunger
a - Infusion              Chrm           ####         1%          1    None
c - Ensorcelled Hibernat  Hex/Ice        ######       1%          2    None
d - Song of Slaying       Chrm           ######..     1%          2    None
e - Summon Mana Viper     Hex/Summ       ######..     9%          5    ####...
f - Olgreb's Toxic Radia  Pois           ######..     3%          4    #......
l - Summon Ice Beast      Ice/Summ       ######..     3%          4    #......
q - Summon Lightning Spi  Summ/Air       ######..     3%          4    #......
s - Spectral Weapon       Hex/Chrm       ######..     1%          3    None
v - Tukima's Dance        Hex            ######..     1%          3    None

Your spell library contained the following spells:

 Spells                   Type           Power        Failure   Level  Hunger
 Corona                   Hex            ######.      1%          1    None
 Freeze                   Ice            ####         1%          1    None
 Magic Dart               Conj           ####         1%          1    None
 Sting                    Tmut/Pois      ####         1%          1    None
 Summon Small Mammal      Summ           ####         1%          1    None
 Blink                    Tloc           N/A          1%          2    None
 Call Imp                 Summ           ######..     1%          2    None
 Poisonous Vapours        Pois/Air       ######       1%          2    None
 Shroud of Golubria       Chrm/Tloc      ######       1%          2    None
 Slow                     Hex            ######..     1%          2    None
 Call Canine Familiar     Summ           ######..     1%          3    None
 Confusing Touch          Hex            ######..     1%          3    None
 Conjure Flame            Conj/Fire      ######..     1%          3    None
 Dazzling Flash           Conj/Hex       ######       1%          3    None
 Frozen Ramparts          Ice            ######       1%          3    None
 Gell's Gravitas          Tloc           ######....   1%          3    None
 Ignite Poison            Fire/Tmut/Pois ######..     1%          3    None
 Inner Flame              Hex/Fire       ######..     1%          3    None
 Lesser Beckoning         Tloc           ######....   1%          3    None
 Mephitic Cloud           Conj/Pois/Air  ######..     1%          3    None
 Ozocubu's Armour         Chrm/Ice       ######..     1%          3    None
 Portal Projectile        Hex/Tloc       ######       1%          3    None
 Recall                   Summ/Tloc      N/A          1%          3    None
 Summon Guardian Golem    Hex/Summ       ######..     1%          3    None
 Teleport Other           Tloc           ######..     1%          3    None
 Cause Fear               Hex            ######....   3%          4    #......
 Hailstorm                Conj/Ice       ######..     3%          4    #......
 Leda's Liquefaction      Hex/Erth       ######....   3%          4    #......
 Passage of Golubria      Tloc           N/A          3%          4    #......
 Aura of Abjuration       Summ           ######....   9%          5    ####...
 Summon Demon             Summ           ######....   9%          5    ####...
 Summon Forest            Summ/Tloc      ######....   9%          5    ####...
 Shadow Creatures         Summ           N/A          38%         6    ######.


Dungeon Overview and Level Annotations

Branches:
Dungeon (15/15)            Temple (1/1) D:4            Lair (6/6) D:11
 Shoals (2/4) Lair:3       Spider (4/4) Lair:2        Slime (0/5) Lair:6
    Orc (2/2) D:10            Elf (0/3) Orc:2        Vaults (0/5) D:13
 Depths (0/5) D:15          Sewer (visited)           IceCv (visited)
Volcano (visited)

Altars:
Ashenzari
Cheibriados
Dithmenos
Elyvilon
Fedhas
Gozag
Hepliaklqana
Kikubaaqudgha
Makhleb
Nemelex Xobeh
Okawaru
Qazlal
Ru
Sif Muna
Trog
Uskayaw
Vehumet
Wu Jian
Xom
Yredelemnul
Zin
The Shining One
Beogh
Jiyva

Shops:
D:5 [(   Orc:2 :[(*   Shoals:1 [

Annotations:
Lair:2 3 runed translucent doors, Ivo's ghost, novice HuWn
Shoals:2 exclusion: oklob plant


Innate Abilities, Weirdness & Mutations

Your experience applies equally to all skills.
You have very sharp teeth.
Your uncanny sense of smell can sniff out nearby items.
You are agile. (Dex +2)
You can translocate small distances at will.
Scrolls take you a little longer to read.
You possess an exceptional clarity of mind.
Your spells are a little harder to cast, but a little more powerful.


Message History

Your spectral weapon shares its damage with you!
Your spectral weapon fades away.
The merfolk aquamancer gestures at you while chanting.
The torrent of water passes through the water elemental.
The torrent of water hits you!!
* * * LOW HITPOINT WARNING * * *
The wave splashes down.
You block the water elemental's attack.
You hear a shout! x6
Unknown command.
Your lightning spire shoots out a bolt of lightning at the water elemental!
The bolt of electricity hits the water elemental.
The water elemental resists.
The bolt of electricity hits the plant. x2
The merfolk aquamancer gestures at you while chanting.
The torrent of water passes through the water elemental.
The torrent of water hits you!!
* * * LOW HITPOINT WARNING * * *
The wave splashes down.
The water elemental hits you.
The water elemental engulfs you in water!
You climb upwards.
You die...

≈≈≈≈.## ##..≈.....#####........>.
#≈≈≈.# ###.≈..##..≈≈.....≈......
#.≈≈.####...≈≈≈≈.................
.≈≈≈..#......≈≈≈≈≈.............≈≈
..≈≈..........≈≈≈≈............≈≈≈
.≈≈÷≈......≈..≈≈≈..........≈≈.≈≈≈
≈.≈≈≈≈..........≈..[...≈≈≈.≈≈≈≈≈≈
..≈≈≈≈≈≈.........E...≈≈≈≈≈≈≈≈≈≈≈≈
.≈≈≈≈≈≈≈≈......≈@.......≈≈≈≈≈≈≈≈≈
.≈≈≈≈≈≈≈≈≈.....#.....###..≈≈≈≈≈≈≈
.≈≈...≈.≈≈≈≈.####....# #.≈≈≈≈≈≈≈≈
(≈≈.....≈≈≈≈≈.##.≈≈..# #.≈≈≈≈≈≈≈≈
≈≈≈≈≈≈..≈≈≈≈≈....≈≈..###.≈≈≈≈≈≈≈≈
.≈≈≈≈≈≈..≈≈≈≈≈≈≈≈≈≈≈....≈≈≈≈≈≈≈≈
≈≈≈≈≈≈≈≈.≈≈≈≈≈≈≈≈≈≈≈≈...≈≈≈≈≈≈≈≈
≈≈≈≈≈≈≈≈≈≈≈≈≈≈≈≈≈≈≈≈≈≈≈≈≈≈≈≈≈≈≈≈
≈....≈≈≈≈≈≈≈≈≈≈≈≈≈≈≈≈≈≈≈≈≈≈≈≈≈≈≈


You could see a water elemental.

Vanquished Creatures
  Kirke (Spider:1)
  Donald (Spider:1)
  5 ghost moths (Spider:4)
  2 orc warlords
  3 emperor scorpions (Spider:4)
  A stone giant (Orc:1)
  3 entropy weavers
  The ghost of drwowa the Fighter, a journeyman GrFi of Qazlal (Lair:6)
  3 spark wasps
  A merfolk javelineer (Shoals:1)
  Josephine (Spider:1)
  3 merfolk impalers
  Erolcha (D:11)
  Harold (D:11)
  2 hydras
  4 ice dragons
  2 merfolk avatars (Shoals:1)
  A catoblepas (Lair:5)
  2 rakshasas
  6 two-headed ogres
  2 merfolk aquamancers (Shoals:1)
  The ghost of lis82 the Thaumaturge, a journeyman GrVM of Okawaru (D:11)
  An anaconda (Lair:6)
  A satyr (Shoals:2)
  2 tengu warriors (D:14)
  2 orc high priests
  Sonja (D:11)
  A sixfirhy (D:13)
  A sea snake (Shoals:1)
  2 skeletal warriors (Volcano)
  2 unseen horrors
  6 ugly things
  2 lindwurms (Lair:6)
  An orange crystal statue (D:11)
  3 orc knights (Orc:2)
  An orb spider (shapeshifter) (D:15)
  5 orb spiders (Spider:4)
  6 harpies (Shoals:2)
  16 wolf spiders
  2 deep elf magi
  4 orc sorcerers
  3 manticores
  2 moths of wrath
  Maurice (D:10)
  5 fauns (Shoals:2)
  6 cyclopes
  A centaur zombie (D:15)
  2 ice statues (IceCv)
  9 elephants
  4 merfolk sirens
  9 black mambas
  4 torpor snails (Lair:6)
  An orange demon (D:13)
  5 spiny frogs
  3 gargoyles (Volcano)
  A guardian serpent (D:10)
  A water nymph (Shoals:1)
  A freezing wraith (D:15)
  5 rime drakes
  8 demonic crawlers
  12 komodo dragons
  A hellwing (D:13)
  An ice devil (D:13)
  A queen bee (Lair:6)
  10 polar bears
  10 trolls
  15 jumping spiders
  5 meliai
  16 merfolk
  6 hippogriffs
  A wind drake (Shoals:2)
  12 hornets
  7 slime creatures
  15 blink frogs
  A tyrant leech (Lair:6)
  3 snapping turtles (Shoals:2)
  5 dream sheep
  44 redbacks
  3 flying skulls (Volcano)
  Sigmund (D:5)
  4 shadows
  5 water elementals
  23 yaks
  17 tarantellas
  6 wraiths
  2 vampires
  2 alligator skeletons (Volcano)
  A fire elemental (Orc:2)
  A wyvern (D:12)
  A hog (Spider:1)
  3 basilisks
  2 vampire mosquitoes
  9 wargs
  An acid dragon (D:14)
  A floating eye (D:10)
  8 hell hounds (Lair:6)
  13 water moccasins
  10 porcupines
  24 orc warriors
  22 ice beasts
  2 sky beasts
  10 black bears
  15 ogres
  2 phantoms
  13 wolves
  3 boggarts (D:14)
  2 eyes of draining (D:13)
  A necrophage (D:12)
  4 centaurs
  12 crocodiles
  A nameless horror (Orc:2)
  13 big kobolds
  16 bullfrogs
  A gnoll sergeant (D:8)
  2 wyvern zombies (D:12)
  3 jellies
  5 scorpions
  2 wyvern skeletons
  26 killer bees
  2 spriggan skeletons (Volcano)
  12 wights
  A howler monkey (D:12)
  6 electric eels
  6 crimson imps
  9 hounds
  7 bullfrog skeletons
  2 bullfrog zombies
  5 quasits
  13 orc priests
  Crazy Yiuf (D:7)
  An iron imp (D:13)
  13 orc wizards
  4 centaur skeletons
  7 iguanas
  13 worker ants
  2 hound zombies
  A naga skeleton (Volcano)
  A worker ant zombie (D:9)
  9 gnolls
  17 adders
  2 river rats (D:13)
  11 shadow imps
  5 white imps
  3 ufetubi (D:13)
  3 adder zombies
  An adder skeleton (D:10)
  4 worms
  3 dart slugs
  7 leopard geckos
  64 orcs
  6 ball pythons
  13 giant cockroaches
  15 goblins
  6 hobgoblins
  12 jackals
  22 kobolds
  3 quokkas
  6 bats
  10 frilled lizards
  A jackal skeleton (D:4)
  A jackal zombie (D:2)
  A leopard gecko skeleton (D:4)
  9 rats
  2 fungi
  24 plants
  A spectral weapon (D:11)
1001 creatures vanquished.

Vanquished Creatures (collateral kills)
  Jorgrun (Spider:1)
  Gastronok (Lair:3)
  Aizul (Shoals:2)
  An emperor scorpion (Spider:4)
  A spark wasp (Spider:4)
  3 hydras
  A merfolk avatar (Shoals:1)
  A wizard (D:15)
  3 harpies (Shoals:2)
  11 orb spiders
  An orc knight (Orc:2)
  An oklob plant (Lair:3)
  2 cyclopes
  2 ugly things (D:15)
  6 wolf spiders
  2 manticores (Shoals:2)
  3 elephants (Lair:6)
  3 merfolk sirens (Shoals:1)
  A guardian serpent (D:10)
  A torpor snail (Lair:6)
  3 demonic crawlers
  2 komodo dragons
  A centaur skeleton (D:15)
  A rime drake (Lair:1)
  6 merfolk
  2 tyrant leeches (Lair:6)
  A queen bee (Lair:1)
  A polar bear (Lair:6)
  A troll (Orc:2)
  2 snapping turtles
  2 hornets (Lair:6)
  3 jumping spiders
  5 slime creatures
  A blink frog (Lair:1)
  9 dream sheep
  2 hippogriffs
  10 redbacks
  6 tarantellas
  A wraith (Spider:1)
  A yak (Lair:3)
  Grum (D:10)
  A warg (Lair:6)
  2 vampire mosquitoes (D:13)
  7 hell hounds (Lair:6)
  2 porcupines (Lair:1)
  6 orc warriors
  8 ice beasts
  2 black bears (Lair:6)
  5 wolves
  A boggart (D:14)
  13 killer bees (Lair:1)
  An orc priest (D:10)
  4 orc wizards (Orc:1)
  14 orcs
  A plant (Lair:6)
174 creatures vanquished.

Vanquished Creatures (others)
  2 cyclopes
  A human (Spider:1)
  A porcupine (Lair:5)
  An orc warrior (Orc:2)
  9 fungi
  35 plants
  27 spectral weapons
76 creatures vanquished.

Grand Total: 1251 creatures vanquished

Notes
Turn   | Place    | Note
-------+----------+-------------------------------------------
     0 | D:1      | Napalmbreeze the Gnoll Skald began the quest for the Orb.
     0 | D:1      | Reached XP level 1. HP: 20/20 MP: 6/6
    65 | D:1      | Reached XP level 2. HP: 13/26 MP: 7/7
   506 | D:1      | Reached XP level 3. HP: 30/31 MP: 9/9
   628 | D:1      | Reached skill level 5 in Spellcasting
   993 | D:2      | Learned a level 2 spell: Song of Slaying
   997 | D:2      | Learned a level 3 spell: Spectral Weapon
  1013 | D:2      | Reached skill level 1 in Invocations
  1059 | D:2      | Reached skill level 1 in Short Blades
  1059 | D:2      | Reached skill level 1 in Long Blades
  1059 | D:2      | Reached skill level 1 in Axes
  1059 | D:2      | Reached skill level 1 in Maces & Flails
  1059 | D:2      | Reached skill level 1 in Staves
  1059 | D:2      | Reached skill level 1 in Slings
  1059 | D:2      | Reached skill level 1 in Bows
  1059 | D:2      | Reached skill level 1 in Crossbows
  1059 | D:2      | Reached skill level 1 in Throwing
  1059 | D:2      | Reached skill level 1 in Stealth
  1059 | D:2      | Reached skill level 1 in Shields
  1059 | D:2      | Reached skill level 1 in Unarmed Combat
  1059 | D:2      | Reached skill level 1 in Evocations
  1078 | D:2      | Reached XP level 4. HP: 19/38 MP: 1/11
  1707 | D:2      | Reached skill level 1 in Conjurations
  1707 | D:2      | Reached skill level 1 in Hexes
  1707 | D:2      | Reached skill level 1 in Summonings
  1707 | D:2      | Reached skill level 1 in Necromancy
  1707 | D:2      | Reached skill level 1 in Translocations
  1707 | D:2      | Reached skill level 1 in Transmutations
  1707 | D:2      | Reached skill level 1 in Fire Magic
  1707 | D:2      | Reached skill level 1 in Ice Magic
  1707 | D:2      | Reached skill level 1 in Air Magic
  1707 | D:2      | Reached skill level 1 in Earth Magic
  1707 | D:2      | Reached skill level 1 in Poison Magic
  1907 | D:2      | Reached XP level 5. HP: 41/43 MP: 12/12
  2397 | D:3      | Found a glowing drain.
  2406 | Sewer    | Entered a sewer
  3990 | D:3      | Found a shadowy altar of Dithmenos.
  4162 | D:4      | Noticed an ogre
  4632 | D:4      | Killed an ogre
  4632 | D:4      | Reached XP level 6. HP: 50/50 MP: 4/14
  4695 | D:4      | Reached skill level 5 in Fighting
  4695 | D:4      | Reached skill level 5 in Polearms
  4695 | D:4      | Reached skill level 5 in Dodging
  4703 | D:4      | Got an ancient bone ring
  4710 | D:4      | Identified the ring "Dedghaw" {*Tele +Blink +Fly rN++
                  | Dex-3} (You found it on level 4 of the Dungeon)
  5298 | D:4      | Found a staircase to the Ecumenical Temple.
  5426 | Temple   | Entered the Ecumenical Temple
  5689 | Temple   | Became a worshipper of Warmaster Okawaru
  5762 | D:4      | Reached XP level 7. HP: 56/56 MP: 15/15
  5928 | D:5      | Entered Level 5 of the Dungeon
  5941 | D:5      | Noticed Sigmund
  6296 | D:5      | Found Pydwyrie's Antique Weapon Emporium.
  6909 | D:5      | Killed Sigmund
  6909 | D:5      | Reached * piety under Okawaru
  7214 | D:5      | Reached XP level 8. HP: 49/63 MP: 13/16
  7444 | D:5      | Found Miejoocucw's Antique Armour Boutique.
  7990 | D:6      | Learned a level 4 spell: Summon Lightning Spire
  8956 | D:7      | Reached ** piety under Okawaru
  9002 | D:7      | You fall into a shaft and drop 1 floor!
  9049 | D:8      | Reached XP level 9. HP: 69/69 MP: 18/18
  9280 | D:8      | Noticed a troll
 10244 | D:8      | Killed a troll
 10244 | D:8      | Reached skill level 5 in Armour
 10340 | D:8      | Noticed a cyclops
 10354 | D:8      | Killed a cyclops
 10354 | D:8      | Reached *** piety under Okawaru
 10531 | D:5      | Bought a crude helmet for 228 gold pieces
 10541 | D:5      | Identified the cursed +0 helmet of Courage {*Slow rC++
                  | Int+2 Stlth+} (You bought it in a shop on level 5 of the
                  | Dungeon)
 10680 | D:7      | Reached skill level 5 in Invocations
 10890 | D:7      | Reached XP level 10. HP: 73/77 MP: 13/20
 10900 | D:7      | Reached **** piety under Okawaru
 11416 | D:7      | Found a runed translucent door.
 11417 | D:7      | Noticed Crazy Yiuf
 11427 | D:7      | Killed Crazy Yiuf
 11476 | D:8      | Noticed a two-headed ogre
 11494 | D:8      | Killed a two-headed ogre
 11494 | D:8      | Received a gift from Okawaru
 11494 | D:8      | Reached skill level 5 in Short Blades
 11494 | D:8      | Reached skill level 5 in Long Blades
 11494 | D:8      | Reached skill level 5 in Axes
 11494 | D:8      | Reached skill level 5 in Maces & Flails
 11494 | D:8      | Reached skill level 5 in Staves
 11494 | D:8      | Reached skill level 5 in Slings
 11494 | D:8      | Reached skill level 5 in Bows
 11494 | D:8      | Reached skill level 5 in Crossbows
 11494 | D:8      | Reached skill level 5 in Throwing
 11494 | D:8      | Reached skill level 5 in Stealth
 11494 | D:8      | Reached skill level 5 in Shields
 11494 | D:8      | Reached skill level 5 in Unarmed Combat
 11494 | D:8      | Reached skill level 5 in Evocations
 12878 | D:10     | Entered Level 10 of the Dungeon
 12899 | D:10     | Found a staircase to the Orcish Mines.
 13012 | D:10     | Noticed a guardian serpent
 13154 | D:10     | Noticed a guardian serpent
 13174 | D:10     | Killed a guardian serpent
 13174 | D:10     | Reached ***** piety under Okawaru
 13676 | D:10     | Killed a guardian serpent
 13916 | D:10     | Noticed a two-headed ogre
 13928 | D:10     | Killed a two-headed ogre
 13928 | D:10     | Reached XP level 11. HP: 83/84 MP: 12/22
 13958 | D:10     | Noticed Maurice
 13996 | D:10     | Killed Maurice
 14032 | D:10     | Received a gift from Okawaru
 14587 | D:10     | Reached skill level 5 in Conjurations
 14587 | D:10     | Reached skill level 5 in Hexes
 14587 | D:10     | Reached skill level 5 in Summonings
 14587 | D:10     | Reached skill level 5 in Necromancy
 14587 | D:10     | Reached skill level 5 in Translocations
 14587 | D:10     | Reached skill level 5 in Transmutations
 14587 | D:10     | Reached skill level 5 in Fire Magic
 14587 | D:10     | Reached skill level 5 in Ice Magic
 14587 | D:10     | Reached skill level 5 in Air Magic
 14587 | D:10     | Reached skill level 5 in Earth Magic
 14587 | D:10     | Reached skill level 5 in Poison Magic
 14600 | D:10     | Received a gift from Okawaru
 14731 | D:10     | Killed an unseen horror
 15126 | D:10     | Noticed Grum
 15139 | D:10     | Killed Grum
 15568 | D:11     | Found a runed translucent gate.
 15568 | D:11     | Found a runed translucent gate.
 15610 | D:11     | Got a dazzling rapier
 15612 | D:11     | Identified the +10 rapier "Tawibul" {vorpal, Int+3} (You
                  | found it on level 11 of the Dungeon)
 15635 | D:11     | Found a runed translucent gate.
 15636 | D:11     | Identified the +10 dagger "Elughoczit" {pain, rElec rC+ MR-
                  | Dex+5}
 15636 | D:11     | Noticed lis82's ghost (journeyman GrVM)
 15855 | D:11     | Noticed Erolcha
 15867 | D:11     | Killed Erolcha
 15867 | D:11     | Received a gift from Okawaru
 15893 | D:11     | Noticed an orange crystal statue
 16115 | D:11     | Noticed Harold
 16124 | D:11     | Killed Harold
 16124 | D:11     | Reached ****** piety under Okawaru
 16124 | D:11     | Received a gift from Okawaru
 16167 | D:11     | Found a staircase to the Lair.
 16374 | D:11     | Noticed Sonja
 16377 | D:11     | Killed Sonja
 16404 | D:11     | Noticed an unseen horror
 16404 | D:11     | Noticed an unseen horror
 16694 | D:11     | Killed an orange crystal statue
 16694 | D:11     | Received a gift from Okawaru
 16694 | D:11     | Reached XP level 12. HP: 92/93 MP: 21/24
 16700 | D:11     | Got a smoking helmet {god gift}
 16712 | D:11     | Identified the +2 helmet of Uvefot {-Tele rElec Str+4
                  | Stlth+} (Okawaru gifted it to you on level 11 of the
                  | Dungeon)
 16776 | Lair:1   | Entered Level 1 of the Lair of Beasts
 16894 | Lair:1   | Learned a level 4 spell: Summon Ice Beast
 18137 | Lair:2   | Found a frozen archway.
 18186 | Lair:2   | Got a bloodstained cloak
 18190 | IceCv    | Entered an ice cave
 18445 | IceCv    | Received a gift from Okawaru
 18599 | IceCv    | Identified the cursed +0 cloak of Gozag's Generosity {+Fly
                  | rN+++ MR- Slay+3} (You found it on level 2 of the Lair of
                  | Beasts)
 18623 | IceCv    | Noticed an ice dragon
 18624 | IceCv    | Noticed an ice dragon
 18647 | IceCv    | Killed an ice dragon
 18647 | IceCv    | Received a gift from Okawaru
 18656 | IceCv    | Killed an ice dragon
 18810 | IceCv    | Got a glittering glass ring
 18824 | IceCv    | Identified the ring of Tamoklukh {Fire Int+3} (You found it
                  | in an ice cave)
 18927 | Lair:2   | Reached XP level 13. HP: 70/101 MP: 26/26
 19306 | Lair:2   | Found a hole to the Spider Nest.
 19394 | Lair:2   | Found a runed translucent gate.
 19394 | Lair:2   | Found a runed translucent gate.
 19394 | Lair:2   | Found a runed translucent gate.
 19396 | Lair:2   | Noticed Ivo's ghost (novice HuWn)
 19398 | Lair:2   | Found a viscous altar of Jiyva.
 20595 | Lair:3   | Noticed Gastronok
 21283 | Lair:3   | Found a staircase to the Shoals.
 21599 | Lair:3   | Killed Gastronok
 21599 | Lair:3   | Received a gift from Okawaru
 22260 | Lair:4   | Noticed an ice dragon
 22270 | Lair:4   | Killed an ice dragon
 23639 | Lair:5   | Received a gift from Okawaru
 23639 | Lair:5   | Reached skill level 10 in Spellcasting
 23646 | Lair:5   | Got a polished hat {god gift}
 23659 | Lair:5   | Identified the +1 hat of Impressiveness {Str+3 Dex+2}
                  | (Okawaru gifted it to you on level 5 of the Lair of Beasts)
 23722 | Lair:5   | Reached XP level 14. HP: 99/109 MP: 18/28
 24063 | Lair:5   | Learned a level 4 spell: Olgreb's Toxic Radiance
 24075 | Lair:6   | Entered Level 6 of the Lair of Beasts
 24587 | Lair:6   | Found a runed translucent door.
 24774 | Lair:6   | Paralysed by a hornet for 1 turns
 24941 | Lair:6   | Reached skill level 10 in Fighting
 24941 | Lair:6   | Reached skill level 10 in Polearms
 24941 | Lair:6   | Reached skill level 10 in Dodging
 25598 | Lair:6   | Found a viscous altar of Jiyva.
 25598 | Lair:6   | Found a staircase to the Slime Pits.
 25661 | Lair:6   | Found a transporter.
 25663 | Lair:6   | Found a transporter.
 25679 | Lair:6   | Noticed drwowa's ghost (journeyman GrFi)
 26296 | Lair:6   | Reached skill level 10 in Invocations
 26471 | Lair:6   | Received a gift from Okawaru
 26690 | Lair:6   | Paralysed by a hornet for 3 turns
 27553 | Lair:6   | Received a gift from Okawaru
 27582 | Lair:6   | Killed drwowa's ghost
 27799 | Lair:6   | Learned a level 2 spell: Ensorcelled Hibernation
 28058 | D:11     | Cast into level 1 of the Abyss (big kobold)
 28071 | Abyss:1  | Got a jewelled war axe
 28079 | D:11     | Escaped the Abyss
 28760 | D:11     | Killed lis82's ghost
 28845 | D:11     | Identified the +8 war axe "Beplyf" {venom, *Contam rF+
                  | Dex+3} (You found it on level 1 of the Abyss)
 29161 | D:12     | Received a gift from Okawaru
 29161 | D:12     | Reached XP level 15. HP: 117/117 MP: 29/29
 29745 | D:13     | Reached skill level 10 in Armour
 30658 | D:12     | Gained mutation: You tend to lose your temper in combat.
                  | [mutagenic glow]
 31011 | D:13     | Found a gate to the Vaults.
 31576 | D:14     | Found an opulent altar of Gozag.
 31892 | D:14     | You fall into a shaft and drop 1 floor!
 31892 | D:15     | Entered Level 15 of the Dungeon
 31916 | D:15     | Reached skill level 10 in Charms
 33428 | D:15     | Reached skill level 10 in Short Blades
 33428 | D:15     | Reached skill level 10 in Long Blades
 33428 | D:15     | Reached skill level 10 in Axes
 33428 | D:15     | Reached skill level 10 in Maces & Flails
 33428 | D:15     | Reached skill level 10 in Staves
 33428 | D:15     | Reached skill level 10 in Slings
 33428 | D:15     | Reached skill level 10 in Bows
 33428 | D:15     | Reached skill level 10 in Crossbows
 33428 | D:15     | Reached skill level 10 in Throwing
 33428 | D:15     | Reached skill level 10 in Stealth
 33428 | D:15     | Reached skill level 10 in Shields
 33428 | D:15     | Reached skill level 10 in Unarmed Combat
 33428 | D:15     | Reached skill level 10 in Evocations
 34079 | D:15     | Found a staircase to the Depths.
 34089 | D:15     | Gained mutation: You are frail. (-10% HP) [a shining eye]
 34629 | D:15     | Received a gift from Okawaru
 35035 | Lair:1   | Lost mutation: You are frail. (-10% HP) [potion of
                  | mutation]
 35035 | Lair:1   | Lost mutation: You tend to lose your temper in combat.
                  | [potion of mutation]
 35035 | Lair:1   | Gained mutation: Scrolls take you a little longer to read.
                  | [potion of mutation]
 35035 | Lair:1   | Gained mutation: You are covered in fur. (AC +1) [potion of
                  | mutation]
 35035 | Lair:1   | Gained mutation: You possess an exceptional clarity of
                  | mind. [potion of mutation]
 35035 | Lair:1   | Gained mutation: Your spells are a little harder to cast,
                  | but a little more powerful. [potion of mutation]
 35036 | Lair:1   | Lost mutation: Scrolls take you a little longer to read.
                  | [potion of mutation]
 35036 | Lair:1   | Lost mutation: You are covered in fur. (AC +1) [potion of
                  | mutation]
 35036 | Lair:1   | Gained mutation: You are agile. (Dex +2) [potion of
                  | mutation]
 35036 | Lair:1   | Gained mutation: You can translocate small distances at
                  | will. [potion of mutation]
 35129 | Orc:1    | Entered Level 1 of the Orcish Mines
 35129 | Orc:1    | Noticed an orc warlord
 35155 | Orc:1    | Killed an orc warlord
 35353 | Orc:1    | Found a roughly hewn altar of Beogh.
 35380 | Orc:1    | Found a dark tunnel.
 35387 | Volcano  | Entered a volcano
 35826 | Volcano  | Reached XP level 16. HP: 97/125 MP: 27/31
 36186 | Orc:2    | Entered Level 2 of the Orcish Mines
 36237 | Orc:2    | Received a gift from Okawaru
 36585 | Orc:2    | Found Xoex's Book Emporium.
 36779 | Orc:2    | Found Ifoafroa's General Store.
 36888 | Orc:2    | Found Adweat's Antique Weapon Shoppe.
 37050 | Orc:2    | Found a staircase to the Elven Halls.
 37067 | Orc:2    | Received a gift from Okawaru
 37969 | Orc:2    | Found Fuelu's Antique Armour Boutique.
 37977 | Orc:2    | Bought a pair of embroidered gloves for 217 gold pieces
 38284 | Orc:2    | Bought the +8 storm bow {elec, penet} for 1746 gold pieces
 38284 | Orc:2    | Found the +8 storm bow {elec, penet}
 38432 | Spider:1 | Entered Level 1 of the Spider Nest
 38593 | Lair:3   | Got an iridescent hand crossbow {god gift}
 38594 | Lair:3   | Identified the +7 hand crossbow of Amaasuopt {penet,
                  | *Contam Str+4 Dex+5} (Okawaru gifted it to you on level 3
                  | of the Lair of Beasts)
 38649 | Lair:3   | Gained mutation: Scrolls take you a little longer to read.
                  | [mutagenic glow]
 38776 | Spider:1 | Noticed Kirke
 38802 | Spider:1 | Killed Kirke
 38847 | Spider:1 | Noticed Josephine
 38857 | Spider:1 | Killed Josephine
 39420 | Spider:1 | Noticed Jorgrun
 39439 | Spider:1 | Killed Jorgrun
 39873 | Spider:1 | Noticed Donald
 39899 | Spider:1 | Killed Donald
 40677 | Spider:2 | Received a gift from Okawaru
 40687 | Spider:2 | Got bronze quicksilver dragon scales {god gift}
 40698 | Spider:2 | Identified the quicksilver dragon scales of Gallantry
                  | {rElec MR+ Str+3 Stlth+} (Okawaru gifted it to you on level
                  | 2 of the Spider Nest)
 40702 | Spider:2 | Learned a level 3 spell: Tukima's Dance
 42934 | Spider:4 | Entered Level 4 of the Spider Nest
 43120 | Orc:2    | Bought a book of Summonings for 1120 gold pieces
 43126 | Orc:2    | Learned a level 5 spell: Summon Mana Viper
 43503 | Spider:4 | Reached XP level 17. HP: 126/133 MP: 29/33
 43854 | Spider:4 | Identified a scroll of acquirement
 43856 | Spider:4 | Identified the ring "Ceorig" {*Contam Str+3 Dex+3 Slay+2
                  | Stlth+} (You acquired it on level 4 of the Spider Nest)
 43856 | Spider:4 | Identified the +8 demon blade "Hueseacs" {venom, rC+ Str+5
                  | Stlth+} (You acquired it on level 4 of the Spider Nest)
 44412 | Spider:4 | Received a gift from Okawaru
 44747 | Spider:4 | Got a slimy chain mail {god gift}
 45371 | Spider:4 | Identified the +0 chain mail of the Blessed Realm {*Corrode
                  | Int+5} (Okawaru gifted it to you on level 4 of the Spider
                  | Nest)
 46238 | Spider:4 | Got a gossamer rune of Zot
 46475 | Shoals:1 | Entered Level 1 of the Shoals
 46909 | Shoals:1 | Received a gift from Okawaru
 46935 | Shoals:1 | Received a gift from Okawaru
 47784 | Shoals:1 | Found Gettimio's Antique Armour Boutique.
 47792 | Shoals:1 | Bought a fine helmet for 266 gold pieces
 47794 | Shoals:1 | Identified the +1 helmet of Riahuot {rElec rPois rC- MR+}
                  | (You bought it in a shop on level 1 of the Shoals)
 48555 | Shoals:2 | Noticed Aizul
 48576 | Shoals:2 | Killed Aizul
 48576 | Shoals:2 | Reached skill level 10 in Conjurations
 48576 | Shoals:2 | Reached skill level 10 in Hexes
 48576 | Shoals:2 | Reached skill level 10 in Summonings
 48576 | Shoals:2 | Reached skill level 10 in Necromancy
 48576 | Shoals:2 | Reached skill level 10 in Translocations
 48576 | Shoals:2 | Reached skill level 10 in Transmutations
 48576 | Shoals:2 | Reached skill level 10 in Fire Magic
 48576 | Shoals:2 | Reached skill level 10 in Ice Magic
 48576 | Shoals:2 | Reached skill level 10 in Air Magic
 48576 | Shoals:2 | Reached skill level 10 in Earth Magic
 48576 | Shoals:2 | Reached skill level 10 in Poison Magic
 49064 | Shoals:2 | HP: 4/135 [merfolk aquamancer/torrent of water (31)]
 49065 | Shoals:1 | Drowned by a water elemental

Levels and vault maps discovered:
D:1:      sevenhm_arrival_forest_fort_small_3, layout_loops_cross
D:2:      layout_loops_cross, first_ration
D:3:      layout_loops_corners, lemuel_round_altar, cheibrodos_sewer_entry_bend
D:4:      layout_basic, minmay_temple_entry_mist, minmay_liquid_box
D:5:      layout_loops_ring, serial_shops, shop, nicolae_shop_crystal,
          serial_glass, glass_columns_c, glass_columns_c,
          chequers_serial_rivers_micro_e, eino_tiny_chamber, uniq_sigmund
D:6:      kennysheep_spiral_hall, layout_loops_corners
D:7:      layout_loops_ring, grunt_ogre_cave, uniq_crazy_yiuf_cottage
D:8:      layout_basic, nicolae_ossuary_entry_plus, wad_mini_maze
D:9:      layout_rooms, minivault_11, chequers_serial_rivers_micro_a
D:10:     nrook_guardian_serpent_snake_passage, layout_loops_ring, david_orc_2,
          onia_ninara_cookie, uniq_grum, uniq_maurice
D:11:     layout_loops_ring, lair_entry_dummy, gammafunk_ghost_nasty_kobolds,
          minivault_16, uniq_erolcha, uniq_harold, uniq_sonja
D:12:     layout_irregular_city, serial_column_ruins, column_ruins_square_huge,
          column_ruins_courtyard_long, column_ruins_grid_2,
          column_ruins_corridor_straight, column_ruins_open_small,
          column_ruins_grid_1
D:13:     kennysheep_tiny_hell, layout_long_grid
D:14:     layout_basic, enter_bailey_8, nicolae_gozag_seed_capital,
          grunt_decor_one_mirror
D:15:     hangedman_depths_entry_try_elsewhere_first, layout_gridville,
          hex_medium
Temple:   nicolae_temple_the_god_donut
Lair:1:   layout_hall_layers, special_room [special_room_bee],
          beast_lair_carwin_6
Lair:2:   layout_loops_ring, spider_nest_entry_rubble,
          portal_ice_cave_entry_ice_beasts, gammafunk_ghost_ooze,
          gauntlet_entry_generic, wad_woods_road_06
Lair:3:   layout_misc_corridors, elwin_shoals_entry_stream, uniq_gastronok
Lair:4:   layout_layer_cave, bobbens_ice_dragon_lair, grunt_megastairs_3
Lair:5:   layout_hall_layers, infiniplex_staircase_pool_2
Lair:6:   wormcave, layout_loops_ring, hangedman_lair_caniforms_friends,
          slime_altar_1, gammafunk_ghost_hive
Shoals:1: layout_shoals, serial_shops, shop, nicolae_shoals_flooded_hall
Shoals:2: layout_shoals, nicolae_shoals_this_corrosion, uniq_aizul
Spider:1: layout_spider_delve, nicolae_spider_shape, uniq_jorgrun,
          uniq_josephine, uniq_donald, uniq_kirke
Spider:2: layout_spider_delve, drop_trap, guppyfry_spider_mini_2
Spider:3: layout_spider_delve, drop_trap
Spider:4: spider_rune_water
Orc:1:    layout_caves, basic_altar, nicolae_volcano_entry_s_turn
Orc:2:    grunt_orc_gardens, layout_caves, grunt_orc_garden, grunt_orc_garden,
          grunt_orc_garden, grunt_orc_garden, nicolae_orc_lava_tube,
          mines2_lemuel

Skill      XL: |  1  2  3  4  5  6  7  8  9 10 11 12 13 14 15 16 17 |
---------------+----------------------------------------------------+-----
Spellcasting   | 5 6 7 8 9 10 11 12 | 12.5
Invocations    | 1 2 3 4 5 6 7 8 9 10 11 12 | 12.6
Short Blades   | 1 2 3 4 5 6 7 8 9 10 11 | 11.7
Long Blades    | 1 2 3 4 5 6 7 8 9 10 11 | 11.7
Axes           | 1 2 3 4 5 6 7 8 9 10 11 | 11.7
Maces & Flails | 1 2 3 4 5 6 7 8 9 10 11 | 11.7
Staves         | 1 2 3 4 5 6 7 8 9 10 11 | 11.7
Slings         | 1 2 3 4 5 6 7 8 9 10 11 | 11.7
Bows           | 1 2 3 4 5 6 7 8 9 10 11 | 11.7
Crossbows      | 1 2 3 4 5 6 7 8 9 10 11 | 11.7
Throwing       | 1 2 3 4 5 6 7 8 9 10 11 | 11.7
Stealth        | 1 2 3 4 5 6 7 8 9 10 11 | 11.7
Shields        | 1 2 3 4 5 6 7 8 9 10 11 | 11.7
Unarmed Combat | 1 2 3 4 5 6 7 8 9 10 11 | 11.7
Evocations     | 1 2 3 4 5 6 7 8 9 10 11 | 11.7
Conjurations   | 1 2 3 4 5 6 7 8 9 10 | 10.0
Hexes          | 1 2 3 4 5 6 7 8 9 10 | 10.0
Summonings     | 1 2 3 4 5 6 7 8 9 10 | 10.0
Necromancy     | 1 2 3 4 5 6 7 8 9 10 | 10.0
Translocations | 1 2 3 4 5 6 7 8 9 10 | 10.0
Transmutations | 1 2 3 4 5 6 7 8 9 10 | 10.0
Fire Magic     | 1 2 3 4 5 6 7 8 9 10 | 10.0
Ice Magic      | 1 2 3 4 5 6 7 8 9 10 | 10.0
Air Magic      | 1 2 3 4 5 6 7 8 9 10 | 10.0
Earth Magic    | 1 2 3 4 5 6 7 8 9 10 | 10.0
Poison Magic   | 1 2 3 4 5 6 7 8 9 10 | 10.0
Armour         | 3 4 5 6 7 8 9 10 11 | 11.9
Fighting       | 5 6 7 8 9 10 11 12 | 12.4
Polearms       | 5 6 7 8 9 10 11 12 | 12.4
Dodging        | 5 6 7 8 9 10 11 12 | 12.4
Charms         | 6 7 8 9 10 11 | 11.2

Action                   |  1- 3 |  4- 6 |  7- 9 | 10-12 | 13-15 | 16-18 || total
-------------------------+-------+-------+-------+-------+-------+-------++-------
Melee: Spear             |   148 |   673 |   383 |   610 |       |       ||  1814
       Bite              |    12 |   107 |    44 |   110 |   180 |   146 ||   599
       Punch             |       |     6 |       |       |       |       ||     6
       Rapier            |       |       |       |   224 |  1025 |   491 ||  1740
       War axe           |       |       |       |       |   215 |       ||   215
       Demon blade       |       |       |       |       |       |   283 ||   283
Throw: Javelin           |       |       |       |       |       |    10 ||    10
 Cast: Infusion          |     2 |     7 |     4 |     7 |     8 |     3 ||    31
       Spectral Weapon   |     1 |    16 |    22 |    31 |    56 |    65 ||   191
       Song of Slaying   |       |     3 |     5 |     3 |     1 |     6 ||    18
       Summon Lightning  |       |       |       |    22 |    35 |    58 ||   115
       Summon Ice Beast  |       |       |       |     5 |    58 |    20 ||    83
       Olgreb's Toxic Ra |       |       |       |       |    22 |    17 ||    39
       Ensorcelled Hiber |       |       |       |       |    19 |    15 ||    34
       Summon Mana Viper |       |       |       |       |       |    26 ||    26
Invok: Heroism           |       |       |     1 |     3 |     8 |     4 ||    16
       Finesse           |       |       |       |     2 |     2 |     2 ||     6
 Abil: Evoke Flight      |       |       |       |       |       |     1 ||     1
Evoke: Wand              |       |       |       |     2 |    11 |     9 ||    22
  Use: Scroll            |       |     4 |     8 |     8 |    10 |     6 ||    36
       Potion            |       |     1 |     3 |     1 |     3 |     7 ||    15
 Stab: Sleeping          |     1 |     5 |    12 |    10 |    50 |    28 ||   106
       Distracted        |       |       |     3 |    13 |    29 |    22 ||    67
  Eat: Chunk             |     1 |    12 |     9 |    18 |    33 |    24 ||    97
       Ration            |       |     2 |     2 |     3 |     6 |     7 ||    20
Armor: Leather armour    |     4 |    27 |    48 |   103 |    59 |       ||   241
       Scale mail        |    27 |     6 |       |       |       |       ||    33
       Ring mail         |       |     4 |     4 |       |    69 |    37 ||   114
       Quicksilver drago |       |       |       |       |       |   156 ||   156
Dodge: Dodged            |    59 |   170 |   148 |   432 |   629 |   497 ||  1935
Block: Buckler           |       |       |    18 |   162 |   249 |       ||   429
       Reflection        |       |       |       |       |    15 |    25 ||    40
       Kite shield       |       |       |       |       |   422 |   726 ||  1148
       Rpst.: Demon blade |       |       |       |       |       |    36 ||    36

Table legend:
 A = Non-vault XP
 B = Vault XP
 C = Vault XP percentage of total XP
 D = Non-vault monster count
 E = Vault monster count
 F = Vault count percentage of total count
                 A         B        C        D         E       F
            +---------+---------+-------+---------+---------+-------
      Total |  145250 |   98406 |  40.4 |     768 |     382 |  33.2
            +---------+---------+-------+---------+---------+-------
        D:1 |      49 |       0 |   0.0 |      27 |       0 |   0.0
        D:2 |     118 |       0 |   0.0 |      28 |       0 |   0.0
        D:3 |      37 |       5 |  11.9 |      16 |       1 |   5.9
        D:4 |     362 |       0 |   0.0 |      17 |       0 |   0.0
        D:5 |     613 |     223 |  26.7 |      27 |       1 |   3.6
        D:6 |     451 |     146 |  24.5 |      18 |       4 |  18.2
        D:7 |    1344 |     161 |  10.7 |      23 |       2 |   8.0
        D:8 |    1770 |     900 |  33.7 |      23 |       3 |  11.5
        D:9 |    1001 |     277 |  21.7 |      20 |       1 |   4.8
       D:10 |    2473 |    3586 |  59.2 |      25 |      30 |  54.5
       D:11 |    1847 |    4967 |  72.9 |      14 |      15 |  51.7
       D:12 |    5628 |       0 |   0.0 |      41 |       0 |   0.0
       D:13 |    9592 |    2230 |  18.9 |      48 |      26 |  35.1
       D:14 |    6407 |       0 |   0.0 |      30 |       0 |   0.0
       D:15 |   10594 |    1790 |  14.5 |      30 |       4 |  11.8
     Lair:1 |    2780 |    2940 |  51.4 |      15 |      28 |  65.1
     Lair:2 |    4177 |    1318 |  24.0 |      18 |       9 |  33.3
     Lair:3 |    7788 |    2686 |  25.6 |      30 |       5 |  14.3
     Lair:4 |    4748 |     949 |  16.7 |      20 |       4 |  16.7
     Lair:5 |    3451 |       0 |   0.0 |      12 |       0 |   0.0
     Lair:6 |    9452 |   17273 |  64.6 |      36 |      85 |  70.2
   Shoals:1 |   10450 |    5119 |  32.9 |      29 |      12 |  29.3
   Shoals:2 |   14672 |    1565 |   9.6 |      31 |       1 |   3.1
   Spider:1 |    3473 |   10147 |  74.5 |      13 |      18 |  58.1
   Spider:2 |    6855 |    1732 |  20.2 |      27 |       8 |  22.9
   Spider:3 |   15582 |       0 |   0.0 |      44 |       0 |   0.0
   Spider:4 |   10308 |   22484 |  68.6 |      25 |      41 |  62.1
      Orc:1 |    6287 |       0 |   0.0 |      48 |       0 |   0.0
      Orc:2 |    2941 |    9103 |  75.6 |      33 |      27 |  45.0
      Sewer |       0 |      85 | 100.0 |       0 |      24 | 100.0
      IceCv |       0 |    4859 | 100.0 |       0 |      20 | 100.0
    Volcano |       0 |    3861 | 100.0 |       0 |      13 | 100.0
            +---------+---------+-------+---------+---------+-------
